 Dungeon Crawl Stone Soup version 0.19-a0-1490-g5dd3618 (webtiles) character file.

18 Amnesiac the Insei (level 2, -4/18 HPs)
             Began as an Octopode Transmuter on Sept 8, 2016.
             Killed by divine providence
             ... invoked by an orc priest
              (13 damage)
             ... on level 3 of the Dungeon.
             The game lasted 00:01:29 (834 turns).

Amnesiac the Insei (Octopode Transmuter)             Turns: 834, Time: 00:01:30

Health: -4/18      AC:  1    Str:  9    XL:     2   Next: 66%
Magic:  3/5        EV: 13    Int: 15    God:
Gold:   0          SH:  0    Dex: 12    Spells: 2 memorised, 2 levels left

rFire  . . .     SeeInvis .       - Unarmed
rCold  . . .     Gourm    .     (no shield)
rNeg   . . .     Faith    .     (helmet restricted)
rPois  .         Spirit   .     (no amulet)
rElec  .         Dismiss  .     (no ring)
rCorr  .         Reflect  .     (no ring)
MR     .....     Harm     .     (no ring)
Stlth  ++........               (no ring)
                                (no ring)
                                (no ring)
                                (no ring)
                                (no ring)

@: no status effects
A: almost no armour, stealthy swim, amphibious, 8 rings, constrict 8, camouflage
1, gelatinous body 1
a: no special abilities


You were on level 3 of the Dungeon.
You were not hungry.

You visited 1 branch of the dungeon, and saw 3 of its levels.

Inventory:

Missiles
 a - 37 arrows
Scrolls
 d - a scroll of noise
 e - a scroll of identify
 f - a scroll of random uselessness {unknown}
 j - a scroll of amnesia {unknown}
Books
 b - a book of Changes

   Spells                             Type                      Level
   a - Beastly Appendage              Transmutation                1
   b - Sticks to Snakes               Transmutation                2
   c - Spider Form                    Transmutation/Poison         3
   d - Ice Form                       Ice/Transmutation            4
   e - Blade Hands                    Transmutation                5
Comestibles
 c - 2 bread rations
 h - a beef jerky
 i - 4 chunks of flesh


   Skills:
 + Level 1.1 Fighting
 + Level 2.1 Dodging
 + Level 3.2 Unarmed Combat
 + Level 2.3 Spellcasting
 + Level 2.2 Transmutations


You had 2 spell levels left.
You knew the following spells:

 Your Spells              Type           Power        Failure   Level  Hunger
d - Sticks to Snakes      Tmut           #.......     14%         2    ###....
e - Beastly Appendage     Tmut           #.....       12%         1    #......


Dungeon Overview and Level Annotations

Branches:
Dungeon (3/15)

Altars:
Makhleb


Innate Abilities, Weirdness & Mutations

You cannot wear most types of armour.
You are very stealthy in the water.
You are amphibious.
You can wear up to eight rings at the same time.
You can use your tentacles to constrict eight enemies at once.
Your skin changes colour to match your surroundings (Stealth+).
Your rubbery body absorbs attacks. (AC +1, EV +1)


Message History

As you read the scroll labeled NECAMESE ATAFF, it crumbles to dust.
It is a scroll of identify.
g - a potion of curing Your tentacle spike disappears.
The orc priest hits you with a short sword!
The bat closely misses you. The bat closely misses you.
The orc priest hits you with a short sword.
* * * LOW HITPOINT WARNING * * *
The bat closely misses you. The bat closely misses you.
You feel better. The bat hits you but does no damage.
The orc barely misses you.
Okay, then.
The orc priest hits you with a short sword.
The orc barely misses you.
The orc priest invokes the aid of Beogh against you.
Beogh smites you!
Ouch! That really hurt!
You die...

.# #...#####
.####...[...###
.##............
.##o...........###
.##.$............###
..o##..............
.#.##..<..........# #
....#.............##.#####
##..#...........@..#.#...
))[.#........#.#oo.......
###.#......o#.##.#o#.#...
###.#.....$.# ##b....#
....#.....!.## ###.###
######.......# #...#
#.#####.# #.###
######.#####.###.#
....##.#.....o...#


You could see an orc priest, 2 orcs and a bat.

Vanquished Creatures
  An ooze (D:2)
  An orc (D:3)
  2 goblins
  2 hobgoblins
  2 jackals (D:2)
  2 kobolds
10 creatures vanquished.

Notes
Turn   | Place    | Note
-------+----------+-------------------------------------------
     0 | D:1      | Amnesiac the Octopode Transmuter began the quest for the Orb.
     0 | D:1      | Reached XP level 1. HP: 13/13 MP: 3/3
   138 | D:3      | Noticed an orc priest
   240 | D:3      | Noticed an orc priest
   247 | D:2      | Reached XP level 2. HP: 9/18 MP: 3/5
   263 | D:2      | Learned a level 2 spell: Sticks to Snakes
   724 | D:2      | Found a burning altar of Makhleb.
   834 | D:3      | Killed from afar by an orc priest

Vault maps used:
D:1:      dpeg_arrival_lava_temple_mockup
D:2:      marbit_many_paths, bloody_makhleb
D:3:      first_bread, uniq_robin

Action                   || total
-------------------------++-------
Melee: Unarmed           ||    33
       Kick              ||    10
       Constrict         ||     9
       Tentacles         ||     2
       Punch             ||     1
 Cast: Beastly Appendage ||     9
       Sticks to Snakes  ||     1
  Use: Scroll            ||     2
       Potion            ||     1
Armor: Skin              ||     4
Dodge: Dodged            ||    35
